 Dungeon Crawl Stone Soup version 0.18.1-1-g2f07953 (webtiles) character file.

202210 MDvedh the Executioner (level 17, -4/156 HPs)
             Began as a Minotaur Berserker on May 7, 2016.
             Was a High Priest of Trog.
             Engulfed by a frost giant's freezing vapour (25 damage)
             ... on level 4 of the Shoals.
             The game lasted 01:07:46 (33408 turns).

MDvedh the Executioner (Minotaur Berserker)        Turns: 33408, Time: 01:07:46

Health: -4/156     AC: 36    Str: 27      XL:     17   Next: 94%
Magic:  25/25      EV: 14    Int:  3 (4)  God:    Trog [*****.]
Gold:   2580       SH:  2    Dex: 13      Spells: 0 memorised, 16 levels left

rFire  + + .     SeeInvis .     D - +5 executioner's axe (flame)
rCold  . . .     Gourm    .     Q - +10 plate armour of Beauty {rN+ MP+9}
rNeg   + + .     Faith    .     (shield currently unavailable)
rPois  +         Spirit   .     (helmet restricted)
rElec  .         Dismiss  .     O - +0 cloak
rCorr  .         Reflect  +     U - +0 pair of gloves "Cieweggu" {rF+++ rC- Str+2}
SustAt .         Harm     .     (no boots)
MR     +....                    s - +2 amulet of reflection
Stlth  ..........               E - ring of positive energy
                                G - ring "Huer Supn" {Ice rPois}

@: invisible, somewhat resistant to hostile enchantments, extremely unstealthy
A: retaliatory headbutt, horns 2, rough black scales 1, slimy green scales 1,
deterioration 1, regeneration 1
a: Berserk, Trog's Hand, Brothers in Arms, Burn Spellbooks, Renounce Religion
}: 1/15 runes: gossamer


You were on level 4 of the Shoals.
You worshipped Trog.
Trog was extremely pleased with you.
You were not hungry.

You visited 5 branches of the dungeon, and saw 33 of its levels.
You also visited: Trove.

You collected 3797 gold pieces.
You spent 1217 gold pieces at shops.

Inventory:

Hand Weapons
 b - a +4 battleaxe of chopping
 D - a +5 executioner's axe of flaming (weapon)
Armour
 O - a +0 cloak (worn)
 Q - the +10 plate armour of Beauty (worn) {rN+ MP+9}
   (You acquired it on level 2 of the Lair of Beasts)

   It protects you from negative energy.
   It affects your magic capacity (+9).
 U - the +0 pair of gloves "Cieweggu" (worn) {rF+++ rC- Str+2}
   (You acquired it on level 2 of the Lair of Beasts)

   It affects your strength (+2).
   It renders you almost immune to fire.
   It makes you vulnerable to cold.
Jewellery
 s - a +2 amulet of reflection (around neck)
 y - an uncursed ring of fire
 E - a ring of positive energy (right hand)
 F - an uncursed ring of poison resistance
 G - the ring "Huer Supn" (left hand) {Ice rPois}
   (You found it in a treasure trove)

   [ring of ice]

   It enhances your ice magic, and weakens your fire magic.
   It makes you vulnerable to fire.
   It protects you from cold.
   It protects you from poison.
 N - the ring "Ficotag" {rElec rN++ MP+9 Str+2 Int-5}
   (You found it in a treasure trove)

   [ring of magical power]

   It affects your strength (+2).
   It affects your intelligence (-5).
   It insulates you from electricity.
   It greatly protects you from negative energy.
   It affects your magic capacity (+9).
 R - an uncursed ring of ice
 V - the ring "Umepsyz" {rElec Stlth-}
   (You found it in a treasure trove)

   [ring of loudness]

   It insulates you from electricity.
   It makes you less stealthy.
 Z - an uncursed ring of flight
Wands
 l - a wand of disintegration (4/24)
 x - a wand of disintegration (11/24)
 H - a wand of digging (8/24)
 T - a wand of teleportation (6/9)
Scrolls
 c - 2 scrolls of silence
 e - 5 scrolls of recharging
 f - 5 scrolls of immolation
 h - 5 scrolls of magic mapping
 n - 4 scrolls of teleportation
 o - 5 scrolls of identify
 p - 2 scrolls of fog
 u - 12 scrolls of remove curse
 v - 5 scrolls of enchant armour
 w - 4 scrolls of enchant weapon
 A - 6 scrolls of fear
Potions
 d - 6 potions of might
 g - 5 potions of ambrosia
 j - 6 potions of curing
 k - a potion of cancellation
 t - a potion of cure mutation
 z - a potion of berserk rage
 C - 2 potions of haste
 I - 4 potions of flight
 J - 2 potions of resistance
 K - a potion of brilliance
 P - 4 potions of magic
 W - 2 potions of agility
Comestibles
 i - 5 fruits
 m - 10 beef jerkies
 q - 9 meat rations
 r - 5 bread rations
 M - 18 royal jellies


   Skills:
 + Level 15.2 Fighting
 + Level 26.1 Axes
 + Level 14.7 Armour
 + Level 13.8 Dodging


You had 16 spell levels left.
You didn't know any spells.

Dungeon Overview and Level Annotations

Branches:
Dungeon (15/15)            Temple (0/1) D:4            Lair (8/8) D:10
 Shoals (4/4) Lair:3       Spider (4/4) Lair:6        Slime (0/6) Lair:8
    Orc (2/2) D:12            Elf (0/3) Orc:2        Vaults (0/5) D:13
 Depths (0/5) D:15

Altars:
Ashenzari
Cheibriados
Dithmenos
Elyvilon
Fedhas
Gozag
Kikubaaqudgha
Makhleb
Qazlal
Ru
Sif Muna
Vehumet
Yredelemnul
Zin
The Shining One

Shops:
D:4 [   D:11 }   D:12 =   Orc:1 *   Orc:2 }[?:   Shoals:4 ?


Innate Abilities, Weirdness & Mutations

You reflexively headbutt those who attack you in melee.
You have a pair of horns on your head.
You are partially covered in rough black scales (AC +4, Dex -1).
You are partially covered in slimy green scales (AC +2).
Your body sometimes deteriorates upon taking damage.
Your natural rate of healing is unusually fast.


Message History

Your unstable footing causes you to fumble your attack.
The sea snake hisses angrily.
The frost giant gestures at you while chanting.
The bolt of cold hits you!
* * * LOW HITPOINT WARNING * * *
Your body deteriorates!
You feel dopey. The merfolk barely misses you. You furiously retaliate!
You headbutt the merfolk.
Unknown command.
Your unstable footing causes you to fumble your attack.
You are engulfed in freezing vapours.
* * * LOW HITPOINT WARNING * * *
The merfolk javelineer throws a javelin of returning.
The javelin of returning barely misses you.
The weapon returns to the merfolk javelineer!
Unknown command.
Unknown command.
Drink which item? (? for menu, Esc to quit)
You fade into invisibility!
You die...

≈≈≈≈≈≈≈≈≈≈≈≈≈≈≈≈≈≈≈≈≈≈##≈≈≈≈...#≈
≈≈≈≈≈≈≈≈≈≈≈≈≈≈≈≈≈≈≈≈≈≈###≈#≈#.###
≈≈≈≈≈≈≈≈≈≈≈≈≈≈≈≈≈≈≈≈≈≈≈##≈≈}.≈≈##
≈≈≈≈≈≈≈≈≈≈≈≈≈≈≈≈≈≈≈≈≈≈###≈#≈#≈###
≈≈≈≈.(..≈≈≈≈≈≈≈≈≈≈≈≈≈≈##≈≈≈≈≈≈)##
≈≈≈.....≈≈≈≈≈≈≈≈≈S≈≈≈≈###≈#≈≈≈†#≈
≈≈.......≈≈≈≈≈≈≈≈≈≈≈≈≈≈≈#######≈≈
≈≈.##≈####≈≈≈≈≈mmC≈≈≈≈≈≈≈≈#*#≈≈≈≈
≈≈.#######≈≈≈≈≈≈@≈≈≈≈≈<≈≈...≈≈≈≈≈
≈###≈#≈≈≈###≈≈^§≈≈≈≈≈≈≈≈≈≈≈≈≈≈≈≈≈
≈.#≈≈≈≈≈≈≈##≈≈§(≈≈≈≈≈≈≈≈≈≈≈≈≈≈≈≈≈
≈###≈#≈#≈###≈§≈(≈≈≈≈≈≈≈≈≈≈≈≈≈≈≈≈≈
≈##≈≈≈)≈≈≈#≈≈)<≈≈≈≈≈≈≈≈≈≈≈≈.≈≈≈≈≈
≈.##≈#≈#≈≈#≈≈≈≈≈≈≈≈≈≈≈≈≈≈≈.≈≈≈≈≈≈
≈##≈≈≈≈≈≈≈#≈≈≈≈≈≈≈≈≈≈≈≈≈≈...≈≈≈≈≈
≈###≈≈#≈≈≈##≈)≈≈≈......≈...,≈≈≈≈≈
≈≈≈#######≈≈≈)/...........≈≈≈≈≈≈≈


You could see a frost giant, a merfolk javelineer, a sea snake and a merfolk.

Vanquished Creatures
  Jorgrun (Spider:3)
  Wiglaf (Spider:3)
  Donald (Orc:2)
  5 ghost moths
  Aizul (Shoals:2)
  6 emperor scorpions
  2 spark wasps (Spider:4)
  5 vault guards (D:13)
  Snorg (Lair:3)
  A fire dragon (D:15)
  3 merfolk impalers (Shoals:4)
  A merfolk javelineer (Shoals:4)
  3 entropy weavers
  5 hydras
  A merfolk avatar (Shoals:4)
  Erica (D:11)
  An ice dragon (D:15)
  2 merfolk aquamancers (Shoals:4)
  2 catoblepae
  A centaur warrior (D:13)
  A death knight (D:12)
  3 tengu warriors (D:15)
  4 death yaks (Lair:8)
  An orc high priest (Orc:2)
  A deep elf knight (D:13)
  A fire crab (Lair:8)
  The ghost of lightmor the Cleaver, a novice MiBe of Trog (D:8)
  6 skeletal warriors
  An unseen horror (D:13)
  8 sea snakes
  2 orc knights
  Pikel (D:5)
  5 hill giants
  8 harpies
  27 wolf spiders
  17 orb spiders
  A phantasmal warrior (D:12)
  4 hornets
  A deep elf mage (D:15)
  A faun (Shoals:4)
  13 ugly things
  6 orc sorcerers
  4 cyclopes
  4 moths of wrath
  8 manticores
  7 griffons
  9 elephants
  4 sirens
  5 water nymphs
  Psyche (D:9)
  3 black mambas (Lair:8)
  13 spiny frogs
  6 torpor snails
  Joseph (D:8)
  A rime drake (Lair:7)
  4 gargoyles
  3 centaur skeletons
  6 komodo dragons
  15 demonic crawlers
  3 tengu conjurers (D:15)
  52 jumping spiders
  8 trolls
  A spriggan druid (Lair:8)
  10 merfolk
  2 wind drakes
  Prince Ribbit (D:7)
  A queen bee (Lair:8)
  4 two-headed ogres
  5 polar bears (Lair:8)
  Grinder (D:5)
  4 blink frogs (Lair:2)
  6 slime creatures (D:14)
  4 boulder beetles
  94 redbacks
  2 wyverns
  2 shadows
  46 yaks
  11 spriggans (Lair:8)
  3 water elementals (Shoals:4)
  A wraith (D:12)
  28 tarantellas
  2 basilisks
  13 hippogriffs
  3 vampire mosquitoes (D:15)
  20 wargs
  4 hungry ghosts
  Menkaure (D:6)
  A mottled dragon (D:13)
  Edmund (D:6)
  2 soldier ants
  Duvessa (D:6)
  13 water moccasins
  4 porcupines
  4 ice beasts
  A sky beast (D:12)
  11 wasps
  2 phantoms
  32 orc warriors
  2 slaves (D:5)
  9 black bears
  A necrophage (D:10)
  2 eyes of draining (D:15)
  13 ogres
  24 wolves
  15 centaurs
  21 crocodiles
  17 giant frogs
  2 big kobolds
  9 scorpions
  Dowan (D:6)
  32 killer bees
  23 wights
  2 howler monkeys
  9 crimson imps
  A giant frog zombie (D:7)
  3 centaur zombies
  5 hounds
  Crazy Yiuf (D:7)
  2 giant frog skeletons
  31 orc priests
  2 jellies
  37 orc wizards
  14 iguanas
  Terence (D:3)
  19 worker ants
  A hell rat (D:10)
  40 sheep
  2 hound zombies
  A worker ant zombie (D:5)
  Robin (D:2)
  11 adders
  3 gnolls (D:7)
  72 river rats
  4 shadow imps
  An adder zombie (D:7)
  5 worms
  4 dart slugs
  2 giant geckos
  134 orcs
  8 giant cockroaches
  18 goblins
  8 hobgoblins
  6 jackals
  4 quokkas
  11 bats
  3 giant newts
  A jackal zombie (D:6)
  22 kobolds
  10 rats
  6 fungi
  5 plants
1336 creatures vanquished.

Vanquished Creatures (collateral kills)
  A ghost moth (Spider:4)
  A satyr (Shoals:3)
  2 sea snakes (Shoals:4)
  A harpy (Shoals:4)
  An orb spider (Spider:4)
  A hornet (Spider:4)
  A jumping spider (Spider:4)
  A merfolk (Shoals:4)
  A redback (Spider:4)
10 creatures vanquished.

Vanquished Creatures (others)
  Ilsuiw (Shoals:4)
  A wolf spider (Spider:3)
  A manticore (Shoals:4)
  A hornet (Spider:4)
  A siren (Shoals:4)
  A tengu conjurer (D:13)
  A giant frog zombie (D:5)
  Jessica (D:3)
  A worker ant (D:6)
  2 orcs (D:5)
  29 fungi
  6 plants
46 creatures vanquished.

Grand Total: 1392 creatures vanquished

Notes
Turn   | Place    | Note
--------------------------------------------------------------
     0 | D:1      | MDvedh the Minotaur Berserker began the quest for the Orb.
     0 | D:1      | Reached XP level 1. HP: 19/19 MP: 0/0
    30 | D:1      | Reached skill level 4 in Axes
   320 | D:1      | Reached XP level 2. HP: 23/26 MP: 1/1
   558 | D:1      | Reached skill level 5 in Axes
   807 | D:1      | Reached XP level 3. HP: 31/31 MP: 2/2
   819 | D:2      | Noticed Robin
   823 | D:2      | Reached ** piety under Trog
   831 | D:2      | Killed Robin
  1102 | D:2      | Reached XP level 4. HP: 37/39 MP: 3/3
  1125 | D:2      | Reached skill level 6 in Axes
  1480 | D:2      | Found an ancient bone altar of Kikubaaqudgha.
  1630 | D:3      | Killed Jessica
  1647 | D:3      | Found a radiant altar of Vehumet.
  1820 | D:3      | Found an opulent altar of Gozag.
  2036 | D:3      | Noticed Terence
  2046 | D:3      | Killed Terence
  2046 | D:3      | Reached XP level 5. HP: 45/45 MP: 4/4
  2047 | D:3      | Reached skill level 7 in Axes
  2052 | D:3      | Reached *** piety under Trog
  2107 | D:3      | Found a glowing silver altar of Zin.
  2335 | D:3      | You fall through a shaft!
  2335 | D:4      | Noticed an ogre
  2341 | D:4      | Reached skill level 8 in Axes
  2346 | D:4      | Reached XP level 6. HP: 51/51 MP: 5/5
  2355 | D:4      | Reached skill level 9 in Axes
  2654 | D:4      | Reached XP level 7. HP: 43/57 MP: 6/6
  2947 | D:4      | Found Nuaq's Antique Armour Shoppe.
  2989 | D:4      | Reached **** piety under Trog
  2993 | D:4      | Found a shadowy altar of Dithmenos.
  3038 | D:4      | Reached skill level 10 in Axes
  3121 | D:4      | Found a basalt altar of Yredelemnul.
  3145 | D:4      | Found a glowing golden altar of the Shining One.
  3147 | D:4      | Noticed an angel
  3230 | D:4      | Found a staircase to the Ecumenical Temple.
  3269 | D:5      | Entered Level 5 of the Dungeon
  3279 | D:5      | Noticed Pikel
  3284 | D:5      | Noticed Grinder
  3295 | D:5      | Killed Pikel
  3295 | D:5      | Reached skill level 12 in Axes
  3295 | D:5      | Reached XP level 8. HP: 46/64 MP: 7/7
  3495 | D:5      | Killed Grinder
  3765 | D:5      | Reached skill level 13 in Axes
  4121 | D:5      | Found a burning altar of Makhleb.
  4257 | D:6      | Found a snail-covered altar of Cheibriados.
  4623 | D:6      | Reached XP level 9. HP: 70/70 MP: 8/8
  4639 | D:6      | Found a white marble altar of Elyvilon.
  4641 | D:6      | Reached skill level 14 in Axes
  4701 | D:6      | Noticed Edmund
  4711 | D:6      | Killed Edmund
  4726 | D:6      | Noticed Menkaure
  4731 | D:6      | Killed Menkaure
  5006 | D:6      | Noticed Dowan
  5006 | D:6      | Noticed Duvessa
  5017 | D:6      | Killed Dowan
  5023 | D:6      | Killed Duvessa
  5225 | D:6      | Reached ***** piety under Trog
  5235 | D:6      | Reached skill level 5 in Fighting
  5626 | D:6      | Found a deep blue altar of Sif Muna.
  5701 | D:6      | Found a stormy altar of Qazlal.
  5849 | D:7      | Noticed Prince Ribbit
  5856 | D:7      | Killed Prince Ribbit
  5856 | D:7      | Reached skill level 5 in Armour
  6072 | D:7      | Noticed a hill giant
  6079 | D:7      | Killed a hill giant
  6079 | D:7      | Reached skill level 5 in Dodging
  6079 | D:7      | Reached XP level 10. HP: 84/84 MP: 9/9
  6150 | D:7      | Found a sacrificial altar of Ru.
  6190 | D:7      | Found a shadowy altar of Dithmenos.
  6213 | D:7      | Found a blossoming altar of Fedhas.
  6227 | D:7      | Found a shattered altar of Ashenzari.
  6613 | D:7      | Noticed Crazy Yiuf
  6618 | D:7      | Killed Crazy Yiuf
  7003 | D:8      | Noticed lightmor's ghost (novice MiBe)
  7012 | D:8      | Killed lightmor's ghost
  7148 | D:8      | Noticed Joseph
  7158 | D:8      | Killed Joseph
  7755 | D:9      | Received a gift from Trog
  8582 | D:9      | Reached XP level 11. HP: 95/95 MP: 10/10
  8789 | D:9      | Noticed Psyche
  8793 | D:9      | Killed Psyche
  8875 | D:10     | Entered Level 10 of the Dungeon
  8945 | D:10     | Found a staircase to the Lair.
  9123 | D:10     | Received a gift from Trog
  9616 | Lair:1   | Entered Level 1 of the Lair of Beasts
  9815 | Lair:1   | Reached skill level 15 in Axes
 10056 | Lair:1   | Reached skill level 10 in Fighting
 10980 | Lair:2   | Received a gift from Trog
 11423 | Lair:2   | Reached skill level 10 in Armour
 11437 | Lair:2   | Reached XP level 12. HP: 108/108 MP: 11/11
 11567 | Lair:2   | Identified 4 scrolls of acquirement
 11568 | Lair:2   | Got a pair of warped gloves
 11580 | Lair:2   | Identified the +0 pair of gloves "Arock" {+Inv MP-9 Int+5 Stlth+} (You acquired it on level 2 of the Lair of Beasts)
 11581 | Lair:2   | Got a spiked plate armour
 11592 | Lair:2   | Identified the +10 plate armour of Beauty {rN+ MP+9} (You acquired it on level 2 of the Lair of Beasts)
 11593 | Lair:2   | Got a dazzling shield
 11599 | Lair:2   | Identified the +3 shield "Agurev" {+Blink rPois rC- SInv} (You acquired it on level 2 of the Lair of Beasts)
 11606 | Lair:2   | Got a pair of transparent gloves
 11617 | Lair:2   | Identified the +0 pair of gloves "Cieweggu" {rF+++ rC- Str+2} (You acquired it on level 2 of the Lair of Beasts)
 11962 | Lair:2   | Reached skill level 10 in Dodging
 12386 | Lair:3   | Found a staircase to the Shoals.
 12418 | Lair:3   | Noticed a catoblepas
 12431 | Lair:3   | Killed a catoblepas
 12525 | Lair:3   | Noticed Snorg
 12533 | Lair:3   | Killed Snorg
 13212 | Lair:3   | Got a dazzling shield
 13218 | Lair:3   | Identified the +4 shield of Lenapnof {rN+} (You acquired it on level 3 of the Lair of Beasts)
 13367 | Lair:4   | Received a gift from Trog
 13774 | Lair:4   | Reached skill level 16 in Axes
 14189 | Lair:5   | Noticed a four-headed hydra
 14197 | Lair:5   | Killed a one-headed hydra
 14197 | Lair:5   | Reached skill level 17 in Axes
 15497 | Lair:6   | Found a hole to the Spider Nest.
 15536 | Lair:6   | Reached ****** piety under Trog
 15538 | Lair:6   | Reached XP level 13. HP: 112/116 MP: 12/12
 16090 | Lair:7   | Found a runed door.
 16295 | Lair:7   | Received a gift from Trog
 16295 | Lair:7   | Reached skill level 18 in Axes
 17037 | Lair:7   | Gained mutation: Your natural rate of healing is unusually fast. [potion of mutation]
 17037 | Lair:7   | Gained mutation: You are partially covered in rough black scales (AC +4, Dex -1). [potion of mutation]
 17037 | Lair:7   | Gained mutation: Your body sometimes deteriorates upon taking damage. [potion of mutation]
 17077 | Lair:8   | Entered Level 8 of the Lair of Beasts
 17318 | Lair:8   | Reached skill level 19 in Axes
 17431 | Lair:8   | Received a gift from Trog
 17845 | Lair:8   | Reached skill level 20 in Axes
 17982 | Lair:8   | Received a gift from Trog
 18253 | Lair:8   | Found a staircase to the Slime Pits.
 18260 | Lair:8   | Reached XP level 14. HP: 123/125 MP: 13/13
 18983 | D:11     | Noticed Erica
 18997 | D:11     | Killed Erica
 19214 | D:11     | Found Vuynucro's Gadget Shop.
 19312 | D:11     | Received a gift from Trog
 20240 | D:12     | Found Ycwoone's Jewellery Shop.
 20250 | D:12     | Bought a cursed ring of loudness for 63 gold pieces
 20250 | D:12     | Bought a cursed ring of teleportation for 63 gold pieces
 20250 | D:12     | Bought an uncursed ring of poison resistance for 280 gold pieces
 20285 | D:12     | Found a staircase to the Orcish Mines.
 20793 | D:13     | Received a gift from Trog
 21514 | D:13     | Found a gate to the Vaults.
 21920 | Orc:1    | Entered Level 1 of the Orcish Mines
 22081 | Orc:1    | Found Pasa Puw's Assorted Antiques.
 22096 | Orc:1    | Reached XP level 15. HP: 127/137 MP: 14/14
 22209 | Orc:1    | Bought a potion of heal wounds for 175 gold pieces
 22209 | Orc:1    | Bought a runed demon whip for 525 gold pieces
 22404 | Orc:2    | Entered Level 2 of the Orcish Mines
 22411 | Orc:2    | Received a gift from Trog
 22438 | Orc:2    | Noticed Donald
 22456 | Orc:2    | Killed Donald
 22727 | Orc:2    | Found a staircase to the Elven Halls.
 23152 | Orc:2    | Found Mekh's Gadget Boutique.
 23152 | Orc:2    | Found Migyish's Book Shop.
 23152 | Orc:2    | Found Zacwuba's Magic Scroll Shop.
 23157 | Orc:2    | Found Qudojymu's Antique Armour Boutique.
 23165 | Orc:2    | Received a gift from Trog
 23178 | Orc:2    | Bought a scroll of noise for 15 gold pieces
 24143 | D:14     | Found a portal to a secret trove of treasure.
 24249 | Trove    | Entered a treasure trove
 24263 | Trove    | Got a sparkling jade ring
 24280 | Trove    | Identified the ring "Umepsyz" {rElec Stlth-} (You found it in a treasure trove)
 24291 | Trove    | Gained mutation: You are partially covered in slimy green scales (AC +2). [potion of beneficial mutation]
 24304 | Trove    | Got a glittering bronze ring
 24318 | Trove    | Got a scorched amber ring
 24325 | Trove    | Identified the ring "Huer Supn" {Ice rPois} (You found it in a treasure trove)
 24329 | Trove    | Lost intelligence.
 24329 | Trove    | Identified the ring "Ficotag" {rElec rN++ MP+9 Str+2 Int-5} (You found it in a treasure trove)
 24577 | D:15     | Entered Level 15 of the Dungeon
 24642 | D:15     | Found a staircase to the Depths.
 25036 | D:15     | Found an opulent altar of Gozag.
 25739 | Spider:1 | Entered Level 1 of the Spider Nest
 25758 | Spider:1 | Reached skill level 21 in Axes
 25767 | Spider:1 | Reached * piety under Trog
 26723 | Spider:1 | Reached XP level 16. HP: 145/147 MP: 15/15
 27159 | Spider:1 | Reached skill level 22 in Axes
 28624 | Spider:3 | Noticed Jorgrun
 28638 | Spider:3 | Killed Jorgrun
 28638 | Spider:3 | Reached skill level 23 in Axes
 28684 | Spider:3 | Noticed Wiglaf
 28694 | Spider:3 | Killed Wiglaf
 29828 | Spider:3 | Reached skill level 24 in Axes
 30194 | Spider:4 | Entered Level 4 of the Spider Nest
 30301 | Spider:4 | Received a gift from Trog
 30428 | Spider:4 | Reached XP level 17. HP: 144/154 MP: 0/16
 30877 | Spider:4 | Received a gift from Trog
 31121 | Spider:4 | Reached skill level 25 in Axes
 31499 | Spider:4 | Got a gossamer rune of Zot
 31818 | Shoals:1 | Entered Level 1 of the Shoals
 32306 | Shoals:2 | Noticed Aizul
 32321 | Shoals:2 | Killed Aizul
 32537 | Shoals:4 | Entered Level 4 of the Shoals
 32555 | Shoals:4 | Found Zylixaum's Magic Scroll Emporium.
 32562 | Shoals:4 | Received a gift from Trog
 32745 | Shoals:4 | Bought a scroll of teleportation for 48 gold pieces
 32745 | Shoals:4 | Bought a scroll of teleportation for 48 gold pieces
 32836 | Shoals:4 | Reached skill level 26 in Axes
 32962 | Shoals:4 | Noticed Ilsuiw
 32977 | Shoals:4 | Reached skill level 15 in Fighting
 32999 | Shoals:4 | Killed Ilsuiw
 33408 | Shoals:4 | Engulfed by a frost giant's freezing vapour

Skill      XL: |  1  2  3  4  5  6  7  8  9 10 11 12 13 14 15 16 17 |
---------------+----------------------------------------------------+-----
Axes           | 4 5 6 8 9 12 13 14 15 17 20 21 24 26 | 26.1
Fighting       | 6 8 10 11 13 14 15 | 15.2
Armour         | 5 8 10 11 13 14 | 14.7
Dodging        | 5 7 9 10 12 13 | 13.8

Action                   |  1- 3 |  4- 6 |  7- 9 | 10-12 | 13-15 | 16-18 || total
-------------------------+-------+-------+-------+-------+-------+-------++-------
Melee: Hand axe          |    75 |   121 |   277 |   923 |   422 |       ||  1818
       Headbutt          |    14 |    23 |    32 |   212 |   290 |   202 ||   773
       Battleaxe         |       |       |       |       |   925 |   429 ||  1354
       Executioner's axe |       |       |       |       |       |   451 ||   451
Invok: Berserk           |     1 |     2 |    11 |    14 |     3 |     1 ||    32
       Burn Spellbooks   |       |       |       |     3 |     4 |     2 ||     9
       Trog's Hand       |       |       |       |       |     1 |     8 ||     9
       Brothers in Arms  |       |       |       |       |       |     7 ||     7
  Use: Scroll            |       |    10 |     7 |     8 |    19 |    13 ||    57
       Potion            |       |       |     1 |       |     6 |    12 ||    19
 Stab: Sleeping          |     1 |       |       |       |       |       ||     1
       Distracted        |       |       |       |       |     2 |     1 ||     3
       Confused          |       |       |       |       |     1 |       ||     1
       Invisible         |       |       |       |       |       |     9 ||     9
  Eat: Chunk             |     1 |     7 |     7 |    13 |    13 |       ||    41
       Bread ration      |       |       |     4 |     6 |     1 |       ||    11
       Meat ration       |       |       |       |     2 |     3 |     4 ||     9
       Pizza             |       |       |       |       |     4 |     1 ||     5
       Beef jerky        |       |       |       |       |     1 |     1 ||     2
       Fruit             |       |       |       |       |     3 |       ||     3
Armor: Animal skin       |    14 |     2 |       |       |       |       ||    16
       Chain mail        |       |    53 |   108 |   170 |       |       ||   331
       Plate armour      |       |       |       |    95 |   679 |   884 ||  1658
Dodge: Dodged            |    48 |    48 |    62 |   342 |   753 |   733 ||  1986
Block: Other             |       |       |       |    35 |    74 |    73 ||   182
       Reflection        |       |       |       |     1 |     2 |     4 ||     7
